 Dungeon Crawl Stone Soup version 0.25.1-8-g42b30a86e7 (webtiles) character file.

Game seed: 12813955032751704349

92 Gadfly the Ruffian (level 4, -10/36 HPs)
             Began as a Draconian Transmuter on Dec 22, 2020.
             Mangled by Crazy Yiuf
             ... wielding a +2 quarterstaff of chaos
              (15 damage)
             ... on level 2 of the Dungeon.
             The game lasted 00:02:58 (2700 turns).

Gadfly the Ruffian (Draconian Transmuter)           Turns: 2700, Time: 00:02:58

Health: -10/36     AC:  2    Str: 13    XL:     4   Next: 35%
Magic:  6/8        EV: 20    Int: 14    God:
Gold:   65         SH:  0    Dex: 16    Spells: 2/8 levels left

rFire    . . .     SeeInvis .     - Unarmed
rCold    . . .     Gourm    .   (shield currently unavailable)
rNeg     . . .     Faith    .   (armour unavailable)
rPois    x         Spirit   .   (helmet currently unavailable)
rElec    .         Reflect  .   (cloak currently unavailable)
rCorr    .         Harm     .   (gloves currently unavailable)
MR       .....                  (boots currently unavailable)
Stlth    +.........             (no amulet)
HPRegen  0.12/turn              (no ring)
MPRegen  0.11/turn              (no ring)

@: spider-form (expiring)
A: tiny, unfitting armour, AC +5
a: End Transformation


You were on level 2 of the Dungeon.
You were not hungry.
You were a venomous arachnid creature.
You visited 1 branch of the dungeon, and saw 2 of its levels.

You collected 65 gold pieces.

Inventory:

Missiles
 a - 25 arrows
Scrolls
 f - a scroll of enchant weapon
 h - a scroll of amnesia
 i - a scroll of identify
Potions
 d - 2 potions of lignification
 e - a potion of brilliance
 g - a potion of heal wounds {unknown}
Comestibles
 c - 4 rations


   Skills:
 + Level 1.7 Fighting
 * Level 2.5 Dodging
 * Level 3.5 Unarmed Combat
 * Level 2.6 Spellcasting
 * Level 2.8 Transmutations


You had 2 spell levels left.
You knew the following spells:

 Your Spells              Type           Power        Failure   Level  Hunger
a - Beastly Appendage     Tmut           #.....       19%         1    #......
b - Sticks to Snakes      Tmut           #.......     26%         2    ###....
c - Spider Form           Tmut/Pois      #.........   58%         3    ###....

Your spell library contained the following spells:

 Spells                   Type           Power        Failure   Level  Hunger
 Ice Form                 Ice/Tmut       #.......     90%         4    #####..
 Blade Hands              Tmut           #.........   97%         5    ######.


Dungeon Overview and Level Annotations

Branches:
Dungeon (2/15)

Altars:
Fedhas

Annotations:
D:2 Crazy Yiuf


Innate Abilities, Weirdness & Mutations

((Your plain brown scales are hard. (AC +5)))
You cannot fit into any form of body armour.
((You are cold-blooded and may be slowed by cold attacks.))


Message History

Confirm with . or Enter, or press ? or * to list all spells.
The spell is quite dangerous to cast (36% risk of failure)!
Continue anyway?
You turn into a venomous arachnid creature.
You open the door. You barely miss Crazy Yiuf.
Crazy Yiuf hits you with a +2 quarterstaff of chaos.
You hit Crazy Yiuf but do no damage. Crazy Yiuf closely misses you.
You hit Crazy Yiuf but do no damage.
Crazy Yiuf is poisoned.
Your transformation is almost over.
Crazy Yiuf barely misses you.
You hit Crazy Yiuf but do no damage.
Crazy Yiuf looks as sick as possible!
Crazy Yiuf is lightly wounded.
Crazy Yiuf drinks a potion.
Crazy Yiuf flickers and vanishes!
Deactivating autopickup; reactivate with Ctrl-A.
You closely miss something. Something hits you.
You barely miss something. Something hits you.
You are electrocuted!
* * * LOW HITPOINT WARNING * * *
You hit something but do no damage. Something hits you!
You die...

#...........##......#
#..#....
#.#.#####.####..<...#
#..#.... #.#.# ###
#############..##'## #...#
#......##.## ###.#
#..##.#..... #.# ###
######..##....... #.#
#)..### ##..#.#..##.#.#.#.
#.#
#...'.####.................
#.#
#...##..#.s.......####...#.
#.# ### ###.#...#....#
#...#. #.# ##########.#
#..... ###.# #.# #.#.##
....# ####### #.# #.#.#
##### #.#.#.####.####.#.#
#######.#)#...........#.#
#.........#.####........#
#######.....# ########.#


There were no monsters in sight!

Vanquished Creatures
  Terence (D:2)
  2 adders (D:2)
  A dart slug (D:1)
  2 giant cockroaches
  7 goblins
  3 hobgoblins (D:2)
  10 jackals
  5 kobolds
  A quokka (D:2)
  6 bats
  3 frilled lizards
  A rat (D:1)
42 creatures vanquished.

Notes
Turn   | Place    | Note
-------+----------+-------------------------------------------
     0 | D:1      | Gadfly the Draconian Transmuter began the quest for the
                  | Orb.
     0 | D:1      | Reached XP level 1. HP: 16/16 MP: 3/3
   247 | D:1      | Reached XP level 2. HP: 23/23 MP: 3/5
   282 | D:1      | Learned a level 2 spell: Sticks to Snakes
  1175 | D:2      | Reached XP level 3. HP: 6/28 MP: 6/6
  1466 | D:2      | Learned a level 3 spell: Spider Form
  1471 | D:2      | Noticed Terence
  1499 | D:2      | Killed Terence
  1674 | D:2      | Reached XP level 4. HP: 26/36 MP: 7/7
  1978 | D:2      | Found a blossoming altar of Fedhas.
  2559 | D:2      | Found a runed translucent door.
  2561 | D:2      | Noticed Crazy Yiuf
  2700 | D:2      | Mangled by Crazy Yiuf

Illustrated notes

Levels and vault maps discovered:
D:1:      ncdulo_halloftheorcs, layout_rooms, minmay_tree_intersection
D:2:      layout_basic, nicolae_overflow_crystal_walls, uniq_crazy_yiuf_cottage,
          uniq_terence

Skill      XL: |  1 |
---------------+----+-----
Dodging        | 2 |  2.5
Fighting       | |  1.7
Unarmed Combat | |  3.5
Spellcasting   | |  2.6
Transmutations | |  2.8

Action                   |  1- 3 |  4- 6 || total
-------------------------+-------+-------++-------
Melee: Unarmed           |   127 |    57 ||   184
       Tailslap          |    11 |     1 ||    12
       Kick              |     2 |     1 ||     3
       Headbutt          |       |     1 ||     1
 Cast: Beastly Appendage |     8 |     4 ||    12
       Spider Form       |     1 |     1 ||     2
  Use: Scroll            |     4 |     1 ||     5
       Potion            |     1 |       ||     1
  Eat: Chunk             |     3 |     3 ||     6
Armor: Skin              |    62 |    18 ||    80
Dodge: Dodged            |   146 |    33 ||   179
